 Dungeon Crawl Stone Soup version 0.19.4-8-ga85b6b9 (webtiles) character file.

211 Jynx the Cudgeler (level 5, 0/47 HPs)
             Began as a Minotaur Fighter on Feb 7, 2017.
             Succumbed to a scorpion's poison
             ... on level 4 of the Dungeon.
             The game lasted 00:04:44 (2029 turns).

Jynx the Cudgeler (Minotaur Fighter)                Turns: 2029, Time: 00:04:45

Health: 0/47       AC:  7    Str: 18 (20) XL:     5   Next: 57%
Magic:  4/4        EV: 11    Int:  3 (5)  God:
Gold:   173        SH: 10    Dex: 10 (11) Spells: 0 memorised, 4 levels left

rFire  + . .     SeeInvis .     a - +0 flail
rCold  . . .     Gourm    .     b - +0 scale mail
rNeg   . . .     Faith    .     c - +1 shield
rPois  .         Spirit   .     q - +0 hat
rElec  .         Reflect  .     (no cloak)
rCorr  .         Harm     .     (no gloves)
MR     .....                    (no boots)
Stlth  ..........               (no amulet)
                                v - ring of protection from fire
                                o - +4 ring of evasion

@: lethally poisoned (0 -> -24)
A: retaliatory headbutt, horns 2
a: no special abilities


You were on level 4 of the Dungeon.
You were not hungry.

You visited 1 branch of the dungeon, and saw 4 of its levels.

You collected 173 gold pieces.

Inventory:

Hand Weapons
 a - a +0 flail (weapon)
Armour
 b - a +0 scale mail (worn)
 c - a +1 shield (worn)
 m - a +0 plate armour
 q - a +0 hat (worn)
Jewellery
 k - an uncursed amulet of guardian spirit
 n - an uncursed amulet of the gourmand {unknown}
 o - a +4 ring of evasion (left hand)
 t - an uncursed ring of flight {unknown}
 v - a ring of protection from fire (right hand)
Scrolls
 i - 3 scrolls of remove curse
 l - 2 scrolls of teleportation
 u - a scroll of magic mapping
Potions
 d - a potion of might
 e - a potion of magic
 h - 2 potions of mutation
 s - a potion of flight {unknown}
Comestibles
 f - 2 bread rations
 g - 2 meat rations
 j - 3 chunks of flesh
 r - 2 beef jerkies


   Skills:
 + Level 4.7 Fighting
 * Level 4.9 Maces & Flails
 + Level 4.5 Armour
 + Level 4.6 Shields


You had 4 spell levels left.
You didn't know any spells.

Dungeon Overview and Level Annotations

Branches:
Dungeon (4/15)
 Temple: D:4-7

Altars:


Innate Abilities, Weirdness & Mutations

You reflexively headbutt those who attack you in melee.
You have a pair of horns on your head.


Message History

The scorpion stings you but does no damage.
You block the scorpion's attack.
You barely miss the scorpion. Your headbutt misses the scorpion.
The scorpion is almost dead.
You feel sick. You block the scorpion's attack.
You hit the scorpion but do no damage. Your headbutt misses the scorpion.
The scorpion is almost dead.
You feel sick. The scorpion stings you.
* * * LOW HITPOINT WARNING * * *
You closely miss the scorpion.
The scorpion is almost dead.
* * * LOW HITPOINT WARNING * * *
You feel sick. The scorpion stings you!
* * * LOW HITPOINT WARNING * * *
You are more poisoned.
The scorpion poisons you!
It was a potion of degeneration.
There was something very wrong with that liquid.
You feel weakened.
You feel dopey.
You feel clumsy.
You die...

### ..##.# #.##.#
####### #.##.#
....... #.##.#
####### #.##.#
#s##.# #@##.#
#.##.# #### #.##.#
....
#.##.#############
#>(...............
#)##.###)######.##
#.##.###.######.##
........(.........
#########(.........


You could see a scorpion.

Vanquished Creatures
  A howler monkey (D:4)
  An orc wizard (D:3)
  7 adders
  A gnoll (D:4)
  5 worms
  3 dart slugs
  2 leopard geckos
  3 orcs
  A ball python (D:2)
  4 giant cockroaches
  6 goblins
  4 hobgoblins (D:3)
  4 jackals (D:3)
  A quokka (D:4)
  9 bats
  7 frilled lizards
  A jackal skeleton (D:4)
  3 kobolds
  11 rats
74 creatures vanquished.

Notes
Turn   | Place    | Note
-------+----------+-------------------------------------------
     0 | D:1      | Jynx the Minotaur Fighter began the quest for the Orb.
     0 | D:1      | Reached XP level 1. HP: 19/19 MP: 0/0
    76 | D:1      | Reached XP level 2. HP: 27/27 MP: 1/1
   551 | D:2      | Reached XP level 3. HP: 33/33 MP: 2/2
   841 | D:2      | Reached XP level 4. HP: 35/40 MP: 3/3
  1500 | D:3      | Found a faded altar of an unknown god.
  1830 | D:4      | Reached XP level 5. HP: 47/47 MP: 4/4
  2028 | D:4      | HP: 2/47 [scorpion (7)]
  2029 | D:4      | Succumbed to a scorpion's poison

Skill      XL: |  1  2  3  4 |
---------------+-------------+-----
Shields        | 4 |  4.6
Maces & Flails | 3 4 |  4.9
Fighting       | 4 |  4.7
Armour         | 4 |  4.5

Action                   |  1- 3 |  4- 6 || total
-------------------------+-------+-------++-------
Melee: Flail             |    64 |   112 ||   176
       Headbutt          |     7 |    15 ||    22
  Use: Scroll            |     8 |     4 ||    12
       Potion            |       |     1 ||     1
  Eat: Chunk             |       |     4 ||     4
Armor: Scale mail        |    30 |    22 ||    52
Dodge: Dodged            |    24 |    39 ||    63
Block: Shield            |    34 |    64 ||    98
